 Dungeon Crawl Stone Soup version 0.23-a0-171-g5ae17c6 (webtiles) character file.

832 Ijustatesigmund the Chopper (level 7, -4/49 HPs)
             Began as an Octopode Gladiator on Sept 14, 2018.
             Was a Follower of Okawaru.
             Slain by a worker ant (6 damage)
             ... on level 7 of the Dungeon.
             The game lasted 00:10:43 (4859 turns).

Ijustatesigmund the Chopper (Octopode Gladiator)    Turns: 4859, Time: 00:10:45

Health: -4/49      AC:  2    Str: 14    XL:     7   Next: 98%
Magic:  7/7        EV: 14    Int: 13    God:    Okawaru [*.....]
Gold:   233        SH:  0    Dex: 15    Spells: 4/6 levels left

rFire    . . .     SeeInvis .   a - +3 war axe
rCold    . . .     Gourm    .   (no shield)
rNeg     . . .     Faith    .   b - +1 hat
rPois    .         Spirit   .   f - amulet of rage
rElec    .         Reflect  .   m - ring of stealth
rCorr    .         Harm     .   l - +3 ring of intelligence
MR       .....                  (no ring)
Stlth    +++++.....             (no ring)
HPRegen  0.16/turn              (no ring)
MPRegen  0.10/turn              (no ring)
                                (no ring)
                                (no ring)

@: lethally poisoned (-4 -> -8)
A: almost no armour, stealthy swim, amphibious, 8 rings, constrict 8, camouflage
1, blink, gelatinous body 1, MP-powered wands
a: Blink, Heroism, Renounce Religion, Evoke Berserk Rage


You were on level 7 of the Dungeon.
You worshipped Okawaru.
Okawaru was aware of your devotion.
You were not hungry.

You visited 2 branches of the dungeon, and saw 8 of its levels.

You collected 255 gold pieces.
You spent 22 gold pieces at shops.

Inventory:

Hand Weapons
 a - a +3 war axe (weapon)
Missiles
 c - 4 throwing nets (quivered)
 g - 2 tomahawks
Armour
 b - a +1 hat (worn)
Jewellery
 f - an amulet of rage (around mantle)
 l - a +3 ring of intelligence (right tentacle)
 m - a ring of stealth (left tentacle)
Wands
 p - a wand of clouds (5)
Scrolls
 i - 2 scrolls of blinking
 n - 2 scrolls of remove curse
 o - 2 scrolls of identify
 q - a scroll of amnesia {unknown}
 r - a scroll of immolation {unknown}
Potions
 e - a potion of mutation
 h - a potion of ambrosia
 j - a potion of flight
 k - a potion of agility
 s - a potion of curing
Comestibles
 d - 6 rations


   Skills:
 + Level 4.4 Fighting
 + Level 6.8 Axes
 - Level 2.0 Throwing
 - Level 3.0 Dodging
 - Level 6.3 Stealth


You had 4 spell levels left.
You knew the following spells:

 Your Spells              Type           Power        Failure   Level  Hunger
a - Swiftness             Chrm/Air       #.......     43%         2    ###....

Your spell library contained the following spells:

 Spells                   Type           Power        Failure   Level  Hunger
 Confusing Touch          Hex            #.....       30%         1    ##.....
 Shock                    Conj/Air       #...         30%         1    ##.....
 Confuse                  Hex            #.......     67%         3    ####...
 Gell's Gravitas          Tloc           #.........   67%         3    ####...
 Static Discharge         Conj/Air       #.......     67%         3    ####...
 Airstrike                Air            #.........   97%         4    #####..
 Petrify                  Tmut/Erth      #.......     97%         4    #####..
 Lightning Bolt           Conj/Air       #.........   100%        5    ######.
 Metabolic Englaciation   Hex/Ice        #.........   100%        5    ######.
 Yara's Violent Unravell  Hex/Tmut       #.........   100%        5    ######.


Dungeon Overview and Level Annotations

Branches:
Dungeon (7/15)             Temple (1/1) D:4

Altars:
Cheibriados
Dithmenos
Elyvilon
Fedhas
Gozag
Hepliaklqana
Kikubaaqudgha
Makhleb
Okawaru
Qazlal
Ru
Uskayaw
Vehumet
Wu Jian
Xom
Yredelemnul
Zin
The Shining One
Beogh

Shops:
D:5 *

Annotations:
D:5 3 runed doors, KristoblXynda's ghost, novice FoFi


Innate Abilities, Weirdness & Mutations

You cannot wear most types of armour.
You are very stealthy in the water. (Stealth+)
You are amphibious.
You can wear up to eight rings at the same time.
You can use your tentacles to constrict eight enemies at once.
Your skin changes colour to match your surroundings (Stealth+).
Your rubbery body absorbs attacks. (AC +1, EV +1)
You can translocate small distances at will.
You expend magic power (3 MP) to strengthen your wands.


Message History

You constrict the bullfrog skeleton.
The bullfrog skeleton barely misses you.
The bullfrog skeleton closely misses you.
You slash the bullfrog skeleton!
You destroy the bullfrog skeleton!
Okawaru accepts your kill.
You now have 233 gold pieces (gained 14).
A worker ant is nearby!
The worker ant bites you!
* * * LOW HITPOINT WARNING * * *
You barely miss the worker ant. You grab the worker ant.
You constrict the worker ant. The worker ant bites you.
* * * LOW HITPOINT WARNING * * *
You slash the worker ant!
The worker ant is heavily wounded.
You constrict the worker ant. The worker ant bites you.
* * * LOW HITPOINT WARNING * * *
You are lethally poisoned!
The worker ant poisons you! The worker ant bites you.
You die...

##########.##
#.....@a....#
#.########..#
#.# #.# #.# #.#
#.# #
#.#####.###
#####.<...$.a..


You could see a worker ant.

Vanquished Creatures
  A sky beast (D:5)
  2 scorpions
  3 wights (D:2)
  A howler monkey (D:3)
  3 crimson imps
  A hound (D:5)
  An orc priest (D:5)
  A bullfrog skeleton (D:7)
  An iguana (D:4)
  An orc wizard (D:5)
  2 worker ants (D:4)
  A hound zombie (D:5)
  A worker ant zombie (D:5)
  A gnoll (D:6)
  3 adders
  A shadow imp (D:6)
  3 oozes
  6 worms
  A dart slug (D:2)
  3 leopard geckos
  6 orcs
  2 ball pythons
  11 giant cockroaches
  9 goblins
  7 hobgoblins
  10 jackals
  7 kobolds
  3 quokkas
  3 bats
  8 frilled lizards
  A goblin skeleton (D:4)
  3 goblin zombies (D:4)
  A hobgoblin zombie (D:4)
  A kobold skeleton (D:4)
  A kobold zombie (D:4)
  An orc skeleton (D:4)
  A quokka zombie (D:4)
  8 rats
120 creatures vanquished.

Notes
Turn   | Place    | Note
-------+----------+-------------------------------------------
     0 | D:1      | Ijustatesigmund the Octopode Gladiator began the quest for
                  | the Orb.
     0 | D:1      | Reached XP level 1. HP: 14/14 MP: 1/1
    79 | D:1      | Reached skill level 1 in Stealth
   101 | D:1      | Reached XP level 2. HP: 16/19 MP: 2/2
   449 | D:1      | Reached XP level 3. HP: 24/24 MP: 3/3
   718 | D:1      | Gained mutation: You can translocate small distances at
                  | will. [potion of mutation]
   718 | D:1      | Gained mutation: You expend magic power (3 MP) to
                  | strengthen your wands. [potion of mutation]
  1159 | D:2      | Found a blossoming altar of Fedhas.
  1245 | D:2      | Reached XP level 4. HP: 29/29 MP: 4/4
  1575 | D:2      | Reached XP level 5. HP: 32/34 MP: 5/5
  1583 | D:2      | Reached skill level 5 in Stealth
  1936 | D:3      | Reached skill level 5 in Axes
  1936 | D:3      | Reached XP level 6. HP: 32/39 MP: 6/6
  2385 | D:4      | Found a staircase to the Ecumenical Temple.
  2412 | Temple   | Entered the Ecumenical Temple
  2562 | Temple   | Became a worshipper of Warmaster Okawaru
  2856 | D:4      | Found a glowing golden altar of the Shining One.
  3269 | D:4      | Reached XP level 7. HP: 43/45 MP: 7/7
  3466 | D:5      | Entered Level 5 of the Dungeon
  4099 | D:5      | Found Uwuyzas's General Store.
  4104 | D:5      | Bought a scroll of identify for 22 gold pieces
  4410 | D:5      | Learned a level 2 spell: Swiftness
  4425 | D:5      | Found a runed gate.
  4425 | D:5      | Found a runed gate.
  4426 | D:5      | Noticed KristoblXynda's ghost (novice FoFi)
  4428 | D:5      | Found a runed gate.
  4431 | D:5      | Found a roughly hewn altar of Beogh.
  4452 | D:5      | Reached * piety under Okawaru
  4818 | D:6      | Found a hide-covered altar of Uskayaw.
  4859 | D:7      | HP: 2/49 [worker ant (5)]
  4859 | D:7      | Slain by a worker ant

Vault maps used:
D:1:      dpeg_arrival_brainrot
D:2:      fedhas_altar_1
D:3:      hangedman_decor_peaks_small
D:4:      nicolae_tso_besieged_by_evil, temple_pool_b, first_ration,
          corexii_hall_statues_deadend
D:5:      serial_shops, shop, biasface_ghost_orc_armoury,
          kennysheep_generic_room_13
D:6:      lemuel_round_altar, gammafunk_temple_overflow_wave, basic_altar,
          uniq_pikel
Temple:   regret_index_temple_sphere_string

Skill      XL: |  1  2  3  4  5  6  7 |
---------------+----------------------+-----
Stealth        | 1 2 3 4 5 6 |  6.3
Axes           | 4 5 6 |  6.8
Fighting       | 4 |  4.4
Throwing       | |  2.0
Dodging        | |  3.0

Action                   |  1- 3 |  4- 6 |  7- 9 || total
-------------------------+-------+-------+-------++-------
Melee: War axe           |    72 |    93 |    55 ||   220
       Constrict         |    21 |    27 |    13 ||    61
       Tentacles         |     7 |    21 |     6 ||    34
 Abil: Evoke Berserk Rag |       |     1 |       ||     1
       Blink             |       |       |     2 ||     2
  Use: Scroll            |     4 |     6 |     4 ||    14
       Potion            |     1 |       |     3 ||     4
 Stab: Sleeping          |    15 |    24 |    10 ||    49
       Distracted        |       |       |     1 ||     1
  Eat: Chunk             |     1 |     1 |     5 ||     7
       Ration            |       |     2 |       ||     2
Armor: Skin              |     5 |     5 |     2 ||    12
Dodge: Dodged            |    52 |    41 |    44 ||   137

Table legend:
 A = Non-vault XP
 B = Vault XP
 C = Vault XP percentage of total XP
 D = Non-vault monster count
 E = Vault monster count
 F = Vault count percentage of total count
                 A         B        C        D         E       F
            +---------+---------+-------+---------+---------+-------
      Total |    1076 |     113 |   9.5 |     109 |      11 |   9.2
            +---------+---------+-------+---------+---------+-------
        D:1 |      60 |       5 |   7.7 |      33 |       1 |   2.9
        D:2 |     222 |       0 |   0.0 |      20 |       0 |   0.0
        D:3 |      95 |       0 |   0.0 |      19 |       0 |   0.0
        D:4 |     198 |      58 |  22.7 |      13 |       9 |  40.9
        D:5 |     433 |      50 |  10.4 |      20 |       1 |   4.8
        D:6 |      25 |       0 |   0.0 |       2 |       0 |   0.0
        D:7 |      43 |       0 |   0.0 |       2 |       0 |   0.0
            +---------+---------+-------+---------+---------+-------
